 Dungeon Crawl Stone Soup version 0.13-a0-2496-g11650dd (console) character file.

96319 Kellhus the Destroyer (level 16, 85/85 HPs)
             Began as a Gargoyle Wizard on July 21, 2013.
             Was a High Priest of Vehumet.
             Quit the game on Level 12 of the Dungeon on July 22, 2013.
             The game lasted 01:52:52 (36797 turns).

Kellhus the Destroyer (Gargoyle Wizard)            Turns: 36797, Time: 01:52:52

HP  85/85        AC 32     Str 11      XL: 16   Next: 14%
MP  44/44        EV 17     Int 26      God: Vehumet [*****.]
Gold 676         SH  0     Dex  8      Spells: 12 memorised,  2 levels left

Res.Fire  : + . .   See Invis. : .   a - +1 quarterstaff (protect)
Res.Cold  : + . .   Warding    : .   y - +2 elf robe {rC+ rF+}
Life Prot.: + . .   Conserve   : +   (no shield)
Res.Poison: +       Res.Corr.  : .   F - +0 visored helmet
Res.Elec. : +       Clarity    : .   C - +2 orc cloak {darkness}
Sust.Abil.: . .     Spirit.Shd : .   c - +3 pair of gauntlets of War {Acc+5 Dam+5}
Res.Mut.  : .       Stasis     : .   G - +1 pair of dwarf boots
Res.Rott. : +       Flight     : +   A - amulet of conservation
Saprovore : . . .                    n - +3 ring of evasion
                                     I - ring of magical power

@: flying, somewhat resistant to hostile enchantments, fairly stealthy
A: large and strong wings, fangs 1, talons 2, life protection 1, electricity
resistance, slow metabolism 1, unbreathing, petrification resistance, AC +13
a: Stop Flying, Renounce Religion, Evoke Invisibility


You were on level 12 of the Dungeon.
You worshipped Vehumet.
Vehumet was exalted by your worship.
You were near starving.

You visited 4 branches of the dungeon, and saw 25 of its levels.
You also visited: Labyrinth, Ice Cave and Volcano.

You collected 2574 gold pieces.
You spent 1918 gold pieces at shops.

Inventory:

Hand weapons
 a - a +1,+1 quarterstaff of protection (weapon)
 b - a +0,+0 whip of electrocution
Armour
 c - the +3 pair of gauntlets of War (worn) {Acc+5 Dam+5}
   (You bought it in a shop on level 4 of the Orcish Mines)

   It affects your accuracy (+5).
   It affects your damage-dealing abilities (+5).
 y - a +2 elven robe of resistance (worn)
 C - a +2 orcish cloak of darkness (worn)
 F - a +0 visored helmet (worn)
 G - a +1 pair of dwarven boots (worn)
Magical devices
 f - a wand of teleportation (0)
 j - a wand of disintegration (11)
 o - a wand of fire (6)
 p - a wand of digging (14)
 q - a wand of cold (5)
 u - a wand of heal wounds (6)
 z - a wand of digging (11)
 B - a wand of hasting (2)
 H - a wand of random effects (14) {unknown}
Comestibles
 d - 3 bread rations
 i - 4 meat rations
 v - 6 honeycombs
 L - a choko
 U - 2 beef jerkies
Scrolls
 x - 9 scrolls of remove curse
 K - 4 scrolls of fog
 M - a scroll of vulnerability
 N - 2 scrolls of fear
 R - 9 scrolls of teleportation
 S - 2 scrolls of blinking
Jewellery
 e - an uncursed amulet of resist mutation
 h - an uncursed ring of see invisible
 n - a +3 ring of evasion (right hand)
 r - an uncursed ring of positive energy
 s - an uncursed ring of ice
 A - an amulet of conservation (around neck)
 D - an uncursed amulet of stasis
 I - a ring of magical power (left hand)
 P - an uncursed ring of wizardry
Potions
 g - 4 potions of brilliance
 k - a potion of speed
 l - a potion of magic
 m - 4 potions of resistance
 t - 2 potions of might
 J - 10 potions of curing
 O - 5 potions of heal wounds
 Q - a potion of strong poison


   Skills:
 - Level 6.8 Fighting
 - Level 6.7 Dodging
 - Level 2.1 Stealth
 - Level 12.0 Spellcasting
 - Level 19.0 Conjurations
 - Level 4.0 Charms
 - Level 0.8 Summonings
 - Level 3.0 Translocations
 + Level 8.7 Ice Magic
 - Level 9.0 Poison Magic


You had 2 spell levels left.
You knew the following spells:

 Your Spells              Type           Power        Failure   Level  Hunger
a - Magic Dart            Conj           ####         0%          1    None
b - Conjure Flame         Conj/Fire      ######..     1%          3    None
c - Mephitic Cloud        Conj/Pois/Air  ######..     1%          3    None
d - Venom Bolt            Conj/Pois      ######....   1%          5    ##.....
e - Regeneration          Chrm/Necr      ####......   6%          3    None
f - Freezing Cloud        Conj/Ice/Air   ######....   4%          6    #####..
i - Iskenderun's Mystic   Conj           #######.     0%          4    None
l - Blink                 Tloc           N/A          1%          2    None
p - Poison Arrow          Conj/Pois      ######....   1%          6    #####..
r - Repel Missiles        Chrm/Air       ####......   2%          2    None
A - Apportation           Tloc           ####......   1%          1    None
B - Summon Butterflies    Summ           ###.....     2%          1    None


Dungeon Overview and Level Annotations

Branches:
Dungeon (12/27)            Temple (1/1) D:5             Orc (4/4) D:11
    Elf (0/3) Orc:4          Lair (8/8) D:9           Swamp (0/5) Lair:3
 Spider (0/5) Lair:5        Slime (0/6) Lair:6

Altars:
Ashenzari
Cheibriados
Elyvilon
Fedhas
Kikubaaqudgha
Makhleb
Nemelex Xobeh
Okawaru
Sif Muna
Trog
Vehumet
Xom
Yredelemnul
Zin
the Shining One
Beogh

Shops:
D:4: [*?+ D:12: %? Orc:1: = Orc:4: +(*[

Annotations
Lair:6 exclusion: 3 oklob plants


Innate Abilities, Weirdness & Mutations

You are resistant to torment.
You are immune to poison.
You can fly continuously.
Your stone body is very resilient (AC +13).
Your wings are large and strong.
You have very sharp teeth.
You have razor-sharp toenails.
You resist negative energy.
You are resistant to electric shocks.
You have a slow metabolism.
You can survive without breathing.
You are immune to petrification.


Message History

You are near starving!
You start resting.
Magic restored.
There is an open door here.
There is a stone staircase leading down here.
Done exploring.
Done exploring.
Casting: Venom Bolt
Confirm with . or Enter, or press ? or * to list all spells.
Okay, then.
Search for what [? for help]? book Char dumped successfully.
Save game and exit?
Welcome back, Kellhus the Gargoyle Wizard.
Vehumet says: Let it end in hellfire!
Press ? for a list of commands and other information.
Assign waypoint to what number? (0-9)
Okay, then.
Unknown command.
Are you sure you want to abandon this character and quit the game? (Confirm with "yes".)

##%###### #..<....#
#...[...###.......#
#.%.....'....###.##
#.......###..###.#
#.......####.##.##
........'....##.[#
........#####..###
........#####[>####
........'....##.@.#
........'..#.##.#.#
........###.###...#
........# #.# #.###
........# #.# #.#
........# #.# #.#
........# #.# #.#
##'###'## #.# #.#
........# #.# #.#


There were no monsters in sight!

Vanquished Creatures
  A frost giant (IceCv)
  2 orc warlords
  The ghost of throttle the Fighter, a powerful GrHu of Okawaru (Lair:6)
  A minotaur (Lab)
  Fannar (Lair:2)
  5 hydras
  The ghost of Sneal the Ogre Mage, an experienced OgWz of Vehumet (D:9)
  5 death yaks (Lair:8)
  An orc high priest (Orc:4)
  Nergalle (Orc:4)
  The ghost of Birkaver the Poker, an experienced HOFi of Trog (D:8)
  3 skeletal warriors (D:12)
  An unseen horror (D:11)
  An ice statue (IceCv)
  3 orc knights (Orc:4)
  Pikel (D:4)
  Joseph (Orc:1)
  A cyclops (D:12)
  A griffon (Lair:5)
  2 wolf spiders (Lair:3)
  A spiny worm (Lair:3)
  A black mamba (Lair:8)
  2 orc sorcerers (Orc:4)
  Maurice (Orc:1)
  An elephant (Lair:8)
  13 spiny frogs
  2 feature mimics
  A smoke demon (Orc:4)
  Grinder (D:5)
  9 komodo dragons
  3 fire drakes
  24 polar bears
  A jumping spider (Lair:5)
  2 two-headed ogres
  6 trolls
  3 basilisks
  2 trapdoor spiders
  A shadow (D:11)
  3 toenail golems (Volcano)
  2 redbacks (Lair:5)
  A wyvern (D:11)
  12 grizzly bears
  4 ugly things (D:12)
  Eustachio (D:4)
  A wraith (D:10)
  54 yaks
  2 elephant slugs
  A deep elf fighter (D:9)
  2 hungry ghosts
  A hill giant skeleton (D:12)
  3 necrophages
  2 hell hounds (Lair:8)
  A mottled dragon (D:12)
  A manticore (D:8)
  Menkaure (D:7)
  8 hippogriffs
  A rock worm (D:10)
  33 wolves
  30 orc warriors
  14 ice beasts
  11 porcupines
  3 slaves (D:4)
  6 black bears
  2 dwarves (Orc:4)
  2 yellow wasps (Lair:3)
  6 sky beasts
  7 crocodiles
  18 ogres
  A phantom (D:11)
  8 centaurs
  Duvessa (D:4)
  7 giant slugs
  7 wargs
  A brain worm (Lair:7)
  13 water moccasins
  3 big kobolds
  Blork the orc (D:5)
  13 giant frogs
  A manticore zombie (D:11)
  7 agate snails
  6 humans (Volcano)
  A troll skeleton (D:8)
  2 eyes of draining
  A yak zombie (D:10)
  13 wights
  A yak skeleton (D:12)
  2 goliath beetles
  7 crimson imps
  Dowan (D:4)
  37 orc wizards
  14 hounds
  6 iguanas
  A yellow wasp zombie (D:5)
  33 orc priests
  5 scorpions
  10 worker ants
  14 sheep
  3 ogre skeletons
  2 jellies
  A soldier ant simulacrum (D:9)
  3 mummies
  18 adders
  A gnoll (D:7)
  5 giant centipedes
  34 green rats
  10 giant mites
  14 white imps
  6 worms
  2 ufetubi (D:9)
  A worker ant simulacrum (D:9)
  An adder skeleton (D:5)
  An adder zombie (D:5)
  A scorpion zombie (D:8)
  2 giant eyeballs
  3 giant geckos
  168 orcs
  A ball python (D:3)
  A bat zombie (D:7)
  10 giant cockroaches
  21 hobgoblins
  41 jackals
  2 oozes
  11 quokkas
  37 bats
  6 giant newts
  2 giant spores
  25 goblins
  A hobgoblin skeleton (D:5)
  A hobgoblin zombie (D:7)
  24 kobolds
  A kobold zombie (D:6)
  An orc skeleton (D:6)
  A quokka zombie (D:6)
  23 rats
  2 rat zombies
  5 ballistomycetes
  A butterfly (D:7)
  4 fungi
  A plant (Lair:8)
1056 creatures vanquished.

Vanquished Creatures (others)
  A sky beast (D:9)
  16 fungi
  4 plants
21 creatures vanquished.

Grand Total: 1077 creatures vanquished

Notes
Turn   | Place    | Note
--------------------------------------------------------------
     0 | D:1      | Kellhus, the Gargoyle Wizard, began the quest for the Orb.
     0 | D:1      | Reached XP level 1. HP: 8/8 MP: 5/5
   313 | D:1      | Reached XP level 2. HP: 4/13 MP: 1/7
  1269 | D:2      | Reached XP level 3. HP: 17/17 MP: 6/9
  1462 | D:2      | Found a sparkling altar of Nemelex Xobeh.
  2107 | D:3      | Reached skill level 4 in Conjurations
  2336 | D:3      | Reached XP level 4. HP: 22/22 MP: 8/11
  2783 | D:4      | Found Stry Cre's General Store.
  2830 | D:4      | Found Paahenk's Book Emporium.
  2835 | D:4      | Reached skill level 5 in Conjurations
  2835 | D:4      | Reached XP level 5. HP: 26/26 MP: 3/12
  2836 | D:4      | Noticed Dowan
  2887 | D:3      | Learned a level 3 spell: Conjure Flame
  2891 | D:3      | Learned a level 3 spell: Mephitic Cloud
  2915 | D:4      | Killed Dowan
  3022 | D:4      | Noticed Duvessa
  3074 | D:4      | Killed Duvessa
  3074 | D:4      | Reached skill level 6 in Conjurations
  3074 | D:4      | Reached XP level 6. HP: 25/31 MP: 0/14
  3289 | D:4      | Found a glowing golden altar of the Shining One.
  3289 | D:4      | Found a white marble altar of Elyvilon.
  3289 | D:4      | Found a glowing silver altar of Zin.
  3539 | D:4      | Noticed Eustachio
  3568 | D:4      | Killed Eustachio
  3568 | D:4      | Reached XP level 7. HP: 31/35 MP: 1/18
  3722 | D:4      | Found an ancient bone altar of Kikubaaqudgha.
  3879 | D:4      | Found a shimmering altar of Xom.
  3881 | D:4      | Found Atsympus' Antique Armour Shoppe.
  3893 | D:4      | Bought a runed orcish cloak for 17 gold pieces
  3896 | D:4      | Bought a pair of dwarven boots for 39 gold pieces
  3990 | D:4      | Found Wusuppu's Magic Scroll Shoppe.
  3998 | D:4      | Bought a scroll of remove curse for 36 gold pieces
  4036 | D:4      | Noticed a slave
  4036 | D:4      | Noticed a slave
  4036 | D:4      | Noticed a slave
  4037 | D:4      | Noticed a slave
  4042 | D:4      | Killed a slave
  4044 | D:4      | Killed a slave
  4045 | D:4      | Noticed Pikel
  4048 | D:4      | Killed a slave
  4060 | D:4      | Killed Pikel
  4060 | D:4      | Reached XP level 8. HP: 24/40 MP: 3/22
  4216 | D:4      | Noticed an ogre
  4229 | D:4      | Killed an ogre
  4363 | D:5      | Entered Level 5 of the Dungeon
  4386 | D:5      | Reached skill level 7 in Conjurations
  4859 | D:5      | Reached skill level 8 in Conjurations
  5041 | D:5      | Noticed Blork the orc
  5056 | D:5      | Killed Blork the orc
  5138 | D:5      | Reached skill level 9 in Conjurations
  5276 | D:5      | Found a staircase to the Ecumenical Temple.
  5442 | D:5      | Reached XP level 9. HP: 44/44 MP: 14/23
  5584 | D:5      | Noticed Grinder
  5587 | D:5      | Paralysed by Grinder for 5 turns
  5609 | D:5      | Killed Grinder
  5609 | D:5      | Reached skill level 10 in Conjurations
  6348 | Temple   | Entered the Ecumenical Temple
  6424 | Temple   | Became a worshipper of Vehumet
  6470 | D:6      | Got a bloodstained flail
  6471 | D:6      | Identified the cursed flail "Ugumifee" {speed, +Blink Str-1 Int+2} (You found it on level 6 of the Dungeon)
  6642 | D:6      | Found a shattered altar of Ashenzari.
  6710 | D:6      | Reached skill level 11 in Conjurations
  6943 | D:6      | Learned a level 4 spell: Iskenderun's Mystic Blast
  7563 | D:7      | Acquired Vehumet's first power
  7563 | D:7      | Offered knowledge of Sandblast by Vehumet.
  7657 | D:7      | Found a staircase to the Ecumenical Temple.
  7679 | D:7      | Found a bloodstained altar of Trog.
  7680 | D:7      | Found an iron altar of Okawaru.
  7728 | D:7      | the staircase to the Ecumenical Temple was a mimic.
  7733 | D:7      | Killed a staircase mimic
  7733 | D:7      | Reached skill level 12 in Conjurations
  7910 | D:7      | Noticed Menkaure
  7911 | D:7      | Killed Menkaure
  7984 | D:7      | Reached XP level 10. HP: 30/48 MP: 25/25
  8048 | D:7      | Paralysed by a giant eyeball for 4 turns
  8061 | D:6      | Reached skill level 16 in Conjurations
  8061 | D:6      | Reached XP level 11. HP: 45/52 MP: 26/26
  8065 | D:6      | Learned a level 2 spell: Blink
  8068 | D:6      | Learned a level 2 spell: Repel Missiles
  8076 | D:6      | Learned a level 5 spell: Venom Bolt
  8257 | D:7      | Reached skill level 1 in Poison Magic
  9097 | D:8      | Noticed Birkaver's ghost (experienced HOFi)
  9102 | D:8      | Killed Birkaver's ghost
  9991 | D:9      | Offered knowledge of Sting by Vehumet.
 10052 | D:9      | Reached skill level 5 in Poison Magic
 10403 | D:9      | Offered knowledge of Inner Flame by Vehumet.
 10607 | D:9      | Acquired Vehumet's second power
 11004 | D:9      | Found a staircase to the Lair.
 11252 | Lair:1   | Entered Level 1 of the Lair of Beasts
 11643 | Lair:1   | Offered knowledge of Airstrike by Vehumet.
 11643 | Lair:1   | Reached skill level 1 in Fighting
 12975 | Lair:2   | Reached skill level 5 in Fighting
 12975 | Lair:2   | Reached XP level 12. HP: 63/63 MP: 19/29
 13092 | Lair:2   | Acquired Vehumet's third power
 13298 | Lair:2   | Offered knowledge of Static Discharge by Vehumet.
 13419 | Lair:2   | Noticed Fannar
 13422 | Lair:2   | Killed Fannar
 14333 | Lair:3   | Found a staircase to the Swamp.
 14366 | Lair:3   | Reached skill level 5 in Dodging
 14492 | Lair:3   | Offered knowledge of Bolt of Fire by Vehumet.
 14498 | Lair:3   | Found a frozen archway.
 14511 | IceCv    | Entered an ice cave
 15491 | IceCv    | Noticed a frost giant
 15494 | IceCv    | Reached skill level 17 in Conjurations
 15502 | IceCv    | Killed a frost giant
 15502 | IceCv    | Reached XP level 13. HP: 68/68 MP: 21/30
 15811 | IceCv    | Reached skill level 10 in Spellcasting
 15811 | IceCv    | Gained mutation: Your wings are large and strong. [gargoyle growth]
 15811 | IceCv    | Reached XP level 14. HP: 72/72 MP: 32/32
 16069 | Lair:3   | Learned a level 1 spell: Apportation
 16090 | Lair:3   | Learned a level 1 spell: Summon Butterflies
 16471 | Lair:3   | Identified a scroll of acquirement
 16472 | Lair:3   | Got a slimy cloak
 16476 | Lair:3   | Identified the -5 cloak of the Loofah {Str-1 Dam+2} (You acquired it on level 3 of the Lair of Beasts)
 16577 | Lair:3   | Noticed a five-headed hydra
 16585 | Lair:3   | Killed a five-headed hydra
 16585 | Lair:3   | Reached skill level 18 in Conjurations
 17150 | Lair:4   | Reached skill level 1 in Charms
 17150 | Lair:4   | Reached skill level 1 in Translocations
 18628 | Lair:5   | Found a hole to the Spider Nest.
 19455 | Lair:6   | Offered knowledge of Ozocubu's Refrigeration by Vehumet.
 19476 | Lair:6   | Found a labyrinth entrance.
 19514 | Lab      | Entered a labyrinth
 19547 | Lab      | Learned a level 3 spell: Regeneration
 20196 | Lair:6   | Found a staircase to the Slime Pits.
 20876 | Lair:6   | Noticed throttle's ghost (powerful GrHu)
 21695 | Lair:6   | Killed throttle's ghost
 23115 | Lair:8   | Entered Level 8 of the Lair of Beasts
 23326 | Lair:8   | Reached XP level 15. HP: 79/79 MP: 30/34
 24169 | Lair:8   | Offered knowledge of Force Lance by Vehumet.
 25575 | Lair:8   | Reached skill level 19 in Conjurations
 26146 | Lair:2   | Learned a level 6 spell: Poison Arrow
 26211 | D:9      | Noticed Sneal's ghost (experienced OgWz)
 26218 | D:9      | Killed Sneal's ghost
 26305 | D:10     | Entered Level 10 of the Dungeon
 27960 | D:11     | Offered knowledge of Freezing Cloud by Vehumet.
 27973 | D:10     | Learned a level 6 spell: Freezing Cloud
 28327 | D:11     | Found a staircase to the Orcish Mines.
 28329 | D:11     | Reached skill level 1 in Ice Magic
 28854 | Orc:1    | Entered Level 1 of the Orcish Mines
 28873 | Orc:1    | Noticed Maurice
 28876 | Orc:1    | Killed Maurice
 28883 | Orc:1    | Noticed Joseph
 28898 | Orc:1    | Killed Joseph
 28967 | Orc:1    | Found a dark tunnel.
 29002 | Volcano  | Entered a volcano
 29771 | Orc:1    | Found Utsaliuq's Jewellery Shop.
 29872 | Orc:2    | Offered knowledge of Delayed Fireball by Vehumet.
 31069 | Orc:3    | Found a shimmering altar of Xom.
 32140 | Orc:2    | Reached skill level 5 in Ice Magic
 32496 | Orc:4    | Entered Level 4 of the Orcish Mines
 32875 | Orc:4    | Found a staircase to the Elven Halls.
 33044 | Orc:4    | Offered knowledge of Bolt of Draining by Vehumet.
 33144 | Orc:4    | Found an iron altar of Okawaru.
 33607 | Orc:4    | Noticed Nergalle
 33629 | Orc:4    | Killed Nergalle
 34156 | Orc:4    | Found a roughly hewn altar of Beogh.
 34315 | Orc:4    | Reached XP level 16. HP: 85/85 MP: 34/35
 34359 | Orc:4    | Found Juonuor's Book Emporium.
 34501 | Orc:4    | Found Thoo's General Store.
 34534 | Orc:4    | Found Smuxas' Antique Weapon Emporium.
 34553 | Orc:4    | Found Shyc Yri's Antique Armour Emporium.
 34674 | Orc:4    | Found an iron altar of Okawaru.
 34904 | Orc:4    | Bought the +3 pair of gauntlets of War {Acc+5 Dam+5} for 1802 gold pieces
 34957 | Orc:4    | Bought a glowing robe for 24 gold pieces
 34973 | Orc:4    | Upgraded the game from 0.13-a0-2484-gc765b08 to 0.13-a0-2485-g242ae62
 35100 | D:12     | Found Ramutefomy's Food Emporium.
 35898 | D:12     | Offered knowledge of Conjure Ball Lightning by Vehumet.
 35972 | D:12     | Found Mudalag's Magic Scroll Shop.
 36797 | D:12     | Upgraded the game from 0.13-a0-2485-g242ae62 to 0.13-a0-2496-g11650dd
 36797 | D:12     | Quit the game

Action                   |  1- 3 |  4- 6 |  7- 9 | 10-12 | 13-15 | 16-18 || total
-------------------------+-------+-------+-------+-------+-------+-------++-------
Melee: Unarmed           |     6 |       |       |       |       |       ||     6
       Short sword       |     1 |     8 |     6 |       |       |       ||    15
       Sabre             |       |       |    12 |       |       |       ||    12
       Whip              |       |       |     3 |       |       |       ||     3
       Flail             |       |       |       |    35 |       |       ||    35
       Quarterstaff      |       |       |       |   146 |   364 |    12 ||   522
 Cast: Magic Dart        |   107 |    79 |   355 |   230 |   119 |       ||   890
       Mephitic Cloud    |       |     5 |     7 |       |       |       ||    12
       Conjure Flame     |       |     3 |    13 |     2 |       |       ||    18
       Iskenderun's Myst |       |       |    12 |   137 |   150 |    39 ||   338
       Venom Bolt        |       |       |       |   100 |   490 |    54 ||   644
       Repel Missiles    |       |       |       |     1 |     6 |     1 ||     8
       Blink             |       |       |       |       |     2 |       ||     2
       Apportation       |       |       |       |       |     1 |       ||     1
       Freezing Cloud    |       |       |       |       |    16 |     3 ||    19
       Poison Arrow      |       |       |       |       |    11 |     2 ||    13
       Regeneration      |       |       |       |       |     6 |       ||     6
 Abil: Fly               |       |       |       |       |     1 |       ||     1
Evoke: Wand              |       |     1 |     1 |       |    10 |       ||    12
  Use: Scroll            |       |    12 |     9 |    10 |    13 |     1 ||    45
       Potion            |       |       |       |     1 |     3 |       ||     4
 Stab: Confused          |       |     2 |       |       |       |       ||     2
